 Dungeon Crawl Stone Soup version 0.25.0-9-g26727b657a (webtiles) character file.

Game seed: 3566224494949463492

73 Flugkiller the Charmwright (level 4, -2/38 HPs)
             Began as a Gnoll Skald on June 17, 2020.
             Slain by a hobgoblin
             ... wielding a +0 club
             ... led by Robin
              (5 damage)
             ... on level 3 of the Dungeon.
             The game lasted 00:03:53 (731 turns).

Flugkiller the Charmwright (Gnoll Skald)             Turns: 731, Time: 00:03:54

Health: -2/38      AC:  3    Str: 14    XL:     4   Next: 27%
Magic:  7/11       EV: 14    Int: 16    God:
Gold:   117        SH:  0    Dex: 14    Spells: 5/13 levels left

rFire    . . .     SeeInvis .   a - +0 hand axe
rCold    . . .     Gourm    .   (no shield)
rNeg     . . .     Faith    .   b - +0 leather armour
rPois    .         Spirit   .   (no helmet)
rElec    .         Reflect  .   (no cloak)
rCorr    .         Harm     .   (no gloves)
MR       .....                  (no boots)
Stlth    +.........             (no amulet)
HPRegen  0.12/turn              (no ring)
MPRegen  0.12/turn              (no ring)

@: singing
A: distributed training, fangs 1, strong nose
a: no special abilities


You were on level 3 of the Dungeon.
You were not hungry.

You visited 1 branch of the dungeon, and saw 4 of its levels.

You collected 117 gold pieces.

Inventory:

Hand Weapons
 a - a +0 hand axe (weapon)
Missiles
 c - 61 stones (quivered)
 h - 6 javelins
 j - 53 arrows
 k - 6 atropa-tipped darts
 m - 5 curare-tipped darts
Armour
 b - a +0 leather armour (worn)
Scrolls
 e - a scroll of enchant weapon {unknown}
 f - a scroll of remove curse {unknown}
 g - 7 scrolls of identify {unknown}
Potions
 i - a potion of stabbing {unknown}
 l - 2 potions of lignification {unknown}
 n - a potion of flight {unknown}
 o - a potion of degeneration {unknown}
Comestibles
 d - 7 rations


   Skills:
 + Level 4.6 Fighting
 + Level 1.0 Short Blades
 + Level 1.0 Long Blades
 + Level 4.6 Axes
 + Level 1.0 Maces & Flails
 + Level 1.0 Polearms
 + Level 1.0 Staves
 + Level 1.0 Slings
 + Level 1.0 Bows
 + Level 1.0 Crossbows
 + Level 1.0 Throwing
 + Level 2.7 Armour
 + Level 4.6 Dodging
 + Level 1.0 Stealth
 + Level 1.0 Shields
 + Level 1.0 Unarmed Combat
 + Level 5.0 Spellcasting
 + Level 0.8 Conjurations
 + Level 0.8 Hexes
 + Level 5.4 Charms
 + Level 0.8 Summonings
 + Level 0.8 Necromancy
 + Level 0.8 Translocations
 + Level 0.8 Transmutations
 + Level 0.8 Fire Magic
 + Level 0.8 Ice Magic
 + Level 0.8 Air Magic
 + Level 0.8 Earth Magic
 + Level 0.8 Poison Magic
 + Level 1.1 Invocations
 + Level 1.0 Evocations


You had 5 spell levels left.
You knew the following spells:

 Your Spells              Type           Power        Failure   Level  Hunger
a - Infusion              Chrm           ###.         1%          1    None
b - Song of Slaying       Chrm           ###.....     3%          2    #......
c - Shroud of Golubria    Chrm/Tloc      ##....       8%          2    #......
d - Spectral Weapon       Hex/Chrm       ##......     16%         3    ###....

Your spell library contained the following spells:

 Spells                   Type           Power        Failure   Level  Hunger
 Ozocubu's Armour         Chrm/Ice       ##......     16%         3    ###....


Dungeon Overview and Level Annotations

Branches:
Dungeon (4/15)
 Temple: D:4-7

Altars:
Dithmenos
Fedhas

Annotations:
D:3 Natasha, Robin


Innate Abilities, Weirdness & Mutations

Your experience applies equally to all skills.
You have very sharp teeth.
Your uncanny sense of smell can sniff out nearby items.


Message History

Found a ration and 14 gold pieces.
Found a stone staircase leading up.
Found 9 sling bullets.
d - 7 rations (gained 1);
o - a viscous green potion
Found two stone staircases leading down.
You now have 117 gold pieces (gained 14).
Found 29 stones.
There is a stone staircase leading down here.
A hound comes into view.
A hound comes into view.
Found a chain mail.
There is a stone staircase leading up here.
You climb upwards.
Level annotation: Natasha The goblin shouts!
The hobgoblin shouts! x2; The goblin shouts! x3 3 goblins, 2 hobgoblins, an orc and Robin come into view.
The goblin shouts! x2; The hobgoblin shouts!
The orc shouts!
A rat comes into view.
A hobgoblin comes into view.
The hobgoblin hits you with a +0 club.
Robin shouts!
You hear an angry hiss.
There is a stone staircase leading down here.
Robin roars a battlecry!
The goblins go into a battle-frenzy!
The hobgoblin closely misses you. The orc hits you but does no damage.
A frilled lizard comes into view.
Casting: Infusion (safe; 1% risk of failure)
Confirm with . or Enter, or press ? or * to list all spells.
The spell is quite dangerous to cast (16% risk of failure)!
Continue anyway?
Okay, then.
Unknown command.
Casting: Spectral Weapon (quite dangerous; 16% risk of failure)
Confirm with . or Enter, or press ? or * to list all spells.
You start singing a song of slaying.
A bat comes into view.
The hobgoblin hits you.
* * * LOW HITPOINT WARNING * * *
The goblin barely misses you. The orc misses you.
You slash the goblin!
You kill the goblin!
You hit the hobgoblin. You hit the orc but do no damage.
You closely miss the hobgoblin. The hobgoblin barely misses you.
The hobgoblin hits you with a +0 club.
* * * LOW HITPOINT WARNING * * *
The orc misses you. The hobgoblin closely misses you. The hobgoblin hits you!
* * * LOW HITPOINT WARNING * * *
The bat hits you but does no damage.
The orc hits you with a cursed -2 dagger.
* * * LOW HITPOINT WARNING * * *
The hobgoblin hits you with a +0 club.
You die...

.. .. ..# ##.##
...###...#####
.#..#..#.....
###...###..#
r#.....#...
g......gg#########
..rg.gggggo.......
...g...gg#@######
#######g##b#
.....l. .........
............
.............
######........
#........#


You could see Robin, an orc, 3 hobgoblins, 4 goblins, a bat and a frilled
lizard.

Vanquished Creatures
  4 adders (D:2)
  An ooze (D:3)
  2 leopard geckos
  2 orcs
  A bat (D:3)
  4 giant cockroaches
  4 hobgoblins
  A kobold (D:2)
  A quokka (D:2)
  3 ball pythons
  A frilled lizard (D:2)
  3 goblins
  A rat (D:3)
28 creatures vanquished.

Notes
Turn   | Place    | Note
-------+----------+-------------------------------------------
     0 | D:1      | Flugkiller the Gnoll Skald began the quest for the Orb.
     0 | D:1      | Reached XP level 1. HP: 20/20 MP: 6/6
    51 | D:1      | You fall into a shaft and drop 1 floor!
   106 | D:2      | Reached XP level 2. HP: 16/26 MP: 4/7
   133 | D:2      | Learned a level 2 spell: Song of Slaying
   136 | D:2      | Learned a level 2 spell: Shroud of Golubria
   352 | D:1      | Reached XP level 3. HP: 16/31 MP: 3/9
   388 | D:2      | Reached skill level 5 in Spellcasting
   433 | D:2      | Reached skill level 1 in Invocations
   562 | D:3      | Learned a level 3 spell: Spectral Weapon
   588 | D:3      | Reached skill level 1 in Short Blades
   588 | D:3      | Reached skill level 1 in Long Blades
   588 | D:3      | Reached skill level 1 in Maces & Flails
   588 | D:3      | Reached skill level 1 in Polearms
   588 | D:3      | Reached skill level 1 in Staves
   588 | D:3      | Reached skill level 1 in Slings
   588 | D:3      | Reached skill level 1 in Bows
   588 | D:3      | Reached skill level 1 in Crossbows
   588 | D:3      | Reached skill level 1 in Throwing
   588 | D:3      | Reached skill level 1 in Stealth
   588 | D:3      | Reached skill level 1 in Shields
   588 | D:3      | Reached skill level 1 in Unarmed Combat
   588 | D:3      | Reached skill level 1 in Evocations
   591 | D:3      | Found a blossoming altar of Fedhas.
   616 | D:3      | Found a shadowy altar of Dithmenos.
   619 | D:3      | Reached XP level 4. HP: 33/38 MP: 6/11
   650 | D:3      | Noticed Natasha
   702 | D:3      | You fall into a shaft and drop 1 floor!
   726 | D:3      | Noticed Robin
   731 | D:3      | Slain by a hobgoblin

Illustrated notes

Levels and vault maps discovered:
D:1:      mushboom_english_gardens, layout_basic
D:2:      layout_basic, first_ration
D:3:      layout_basic, fedhas_altar_4, nicolae_dithmenos_shadow_blocks,
          serial_glass, glass_columns_b, glass_columns_b,
          minmay_strange_pillars, minmay_strange_pillars, feat_on_display,
          uniq_robin, uniq_natasha
D:4:      layout_rooms, lemuel_crystal_altar, temple_pool_b, serial_shops, shop,
          minmay_diced_spiral, uniq_menkaure, uniq_sigmund

Skill      XL: |  1  2  3 |
---------------+----------+-----
Spellcasting   | 5 |  5.0
Invocations    | 1 |  1.1
Short Blades   | 1 |  1.0
Long Blades    | 1 |  1.0
Maces & Flails | 1 |  1.0
Polearms       | 1 |  1.0
Staves         | 1 |  1.0
Slings         | 1 |  1.0
Bows           | 1 |  1.0
Crossbows      | 1 |  1.0
Throwing       | 1 |  1.0
Stealth        | 1 |  1.0
Shields        | 1 |  1.0
Unarmed Combat | 1 |  1.0
Evocations     | 1 |  1.0
Fighting       | |  4.6
Axes           | |  4.6
Armour         | |  2.7
Dodging        | |  4.6
Conjurations   | |  0.8
Hexes          | |  0.8
Charms         | |  5.4
Summonings     | |  0.8
Necromancy     | |  0.8
Translocations | |  0.8
Transmutations | |  0.8
Fire Magic     | |  0.8
Ice Magic      | |  0.8
Air Magic      | |  0.8
Earth Magic    | |  0.8
Poison Magic   | |  0.8

Action                   |  1- 3 |  4- 6 || total
-------------------------+-------+-------++-------
Melee: Hand axe          |    61 |    15 ||    76
       Bite              |     5 |     2 ||     7
 Cast: Infusion          |     9 |     2 ||    11
       Song of Slaying   |       |     1 ||     1
 Stab: Sleeping          |     2 |       ||     2
Armor: Leather armour    |     8 |     3 ||    11
Dodge: Dodged            |    62 |    20 ||    82
